AoeStats
← TPE-床上小旋風

Nomad

505835860Analyzed
4v4 RM · 20d ago on Sep 11, 2026· 90m 26s· 8 players
Game mode
Random Map
Map size
231×231
Population
200
Speed
Normal
Resources
Standard
Victory
Conquest
Starting age
Dark Age
Ending age
Imperial Age
RankedLock teamsTeams togetherTeam positionsShared explorationLock speedFull tech treeHidden civsTurbo modeCheats
Victory
Defeat
🇳🇱 Maya · Netherlands
1328
+17
🇸🇪 Dravidians · Sweden
1307
+18
🇬🇧 Italians · United Kingdom
1285
+19
🇳🇱 Portuguese · Netherlands
1285
+19
🇨🇳 Spanish · China
1381
-19
🇪🇸 Spanish · Spain
1379
-19
🇷🇺 Huns · Russia
1368
-19
🇦🇺 Persians · Australia
1290
-16
Deathiscoming
4:53 Loom
14:09 Feudal Age
14:44 Double-Bit Axe
16:22 Fishing Lines
18:51 Town Watch
21:17 Castle Age
22:06 Gold Mining
22:08 Stone Mining
22:38 Bow Saw
22:33 Gillnets
22:41 Fletching
23:14 Bodkin Arrow
23:45 Squires
23:44 Eagle Warrior
26:42 Padded Archer Armor
27:55 Ballistics
28:41 Scale Mail Armor
33:11 Leather Archer Armor
36:25 Thumb Ring
38:49 Horse Collar
40:38 Pikeman
43:07 Chain Mail Armor
46:42 Treadmill Crane
47:15 Forging
52:59 Wheelbarrow
55:34 Iron Casting
56:14 Hand Cart
60:40 Imperial Age
62:04 Elite Eagle Warrior
65:46 Plate Mail Armor
66:24 Blast Furnace
70:17 Bracer
75:52 Holcans
75:46 Conscription
77:33 Ring Archer Armor
77:33 Elite Plumed Archer
84:53 Elite Skirmisher
85:55 Hul'che Javelineers
Japie05
5:55 Loom
13:10 Feudal Age
17:57 Castle Age
18:10 Town Watch
20:22 Double-Bit Axe
20:29 Gold Mining
22:26 Bow Saw
21:58 Horse Collar
30:50 Redemption
32:04 Fervor
32:18 Sanctity
37:50 Imperial Age
35:41 Stone Mining
35:33 Horse Collar
37:39 Heavy Plow
39:35 Crossbowman
40:25 Fletching
40:36 Padded Archer Armor
43:02 Wheelbarrow
43:49 Stone Shaft Mining
44:16 Two-Man Saw
45:11 Conscription
44:58 Bodkin Arrow
45:19 Leather Archer Armor
45:04 Arbalester
47:16 Bracer
47:06 Pikeman
47:48 Scale Mail Armor
47:58 Forging
48:07 Hand Cart
49:11 Circumnavigation
50:26 Thumb Ring
50:52 Halberdier
52:28 Chain Mail Armor
52:48 Iron Casting
53:40 Plate Mail Armor
57:57 Blast Furnace
60:22 Ring Archer Armor
75:08 Ballistics
75:48 Chemistry
75:11 Ballistics
79:21 Masonry
81:29 Coinage
83:48 Banking
87:30 Spies/Treason
Billeybowb
3:21 Loom
15:44 Feudal Age
16:17 Double-Bit Axe
17:22 Fletching
20:23 Castle Age
18:21 Stone Mining
18:25 Gold Mining
19:02 Stone Mining
22:27 Bodkin Arrow
23:10 Wheelbarrow
37:41 Hand Cart
40:15 Elite Skirmisher
43:45 Town Watch
45:12 Thumb Ring
46:37 Padded Archer Armor
47:34 Leather Archer Armor
48:57 Crossbowman
50:14 Ballistics
54:34 Stone Shaft Mining
58:06 Imperial Age
56:42 Masonry
59:18 Elite Genoese Crossbowman
60:59 Bracer
63:38 Hoardings
69:18 Ring Archer Armor
72:22 Town Patrol
73:30 Bow Saw
73:36 Scale Barding Armor
73:42 Forging
75:27 Two-Man Saw
77:09 Conscription
80:55 Horse Collar
87:07 Chemistry
Stuve
4:21 Loom
14:46 Feudal Age
15:29 Double-Bit Axe
15:28 Fishing Lines
18:23 Castle Age
17:12 Gold Mining
19:18 Medium Warships
21:54 Bow Saw
23:54 Gillnets
24:23 Stone Mining
28:24 Wheelbarrow
27:34 Loom
27:35 Town Watch
27:53 Scale Mail Armor
28:03 Forging
27:15 Pikeman
27:55 Squires
28:26 Horse Collar
28:11 Man-at-Arms
28:37 Arson
29:46 Long Swordsman
30:11 Gambesons
30:49 Chain Mail Armor
31:09 Iron Casting
31:50 Iron Casting
38:35 Imperial Age
38:26 Fletching
38:49 Fortified Wall
38:49 Masonry
38:39 Two-Handed Swordsman
39:50 Plate Mail Armor
41:02 Blast Furnace
39:26 Halberdier
40:29 Champion
41:56 Hoardings
45:14 Wootz Steel
48:59 Two-Man Saw
51:01 Heavy Plow
51:17 Hand Cart
50:59 Bodkin Arrow
52:06 Chemistry
53:45 Padded Archer Armor
53:46 Bracer
53:51 Scale Barding Armor
53:41 Elite Urumi Swordsman
54:42 Conscription
54:52 Medical Corps
56:35 Chain Barding Armor
56:17 Husbandry
55:37 Light Cavalry
59:38 Town Patrol
60:51 Leather Archer Armor
74:57 Ballistics
74:33 Murder Holes
75:13 Ring Archer Armor
78:29 Elite Elephant Archer
80:45 Thumb Ring
atilaalmogaver
3:17 Loom
15:46 Feudal Age
20:00 Castle Age
18:38 Stone Mining
24:24 Town Watch
40:54 Imperial Age
54:30 Padded Archer Armor
58:19 Leather Archer Armor
62:05 Ring Archer Armor
62:25 Husbandry
62:36 Bloodlines
TPE-床上小旋風
4:26 Loom
14:00 Feudal Age
18:00 Castle Age
16:38 Fletching
16:49 Padded Archer Armor
18:00 Double-Bit Axe
18:24 Gold Mining
18:45 Bodkin Arrow
20:12 Bow Saw
23:53 Wheelbarrow
24:38 Thumb Ring
25:59 Bloodlines
28:20 Ballistics
37:59 Imperial Age
36:46 Marauders
37:25 Leather Archer Armor
37:16 Scale Barding Armor
37:21 Forging
37:12 Stone Mining
37:47 Horse Collar
38:36 Husbandry
38:39 Heavy Cavalry Archer
41:46 Chemistry
40:59 Bracer
43:34 Chain Barding Armor
44:36 Iron Casting
43:27 Elite Tarkan
44:38 Heavy Plow
46:19 Plate Barding Armor
48:38 Blast Furnace
48:05 Conscription
48:52 Parthian Tactics
53:16 Light Cavalry
62:49 Hussar
69:27 Hand Cart
75:54 Gold Shaft Mining
82:03 Town Watch
A2PL Okr010
5:23 Loom
13:10 Feudal Age
17:02 Castle Age
15:06 Double-Bit Axe
16:30 Gold Mining
17:31 Fletching
18:04 Medium Warships
29:32 Bodkin Arrow
33:50 Ballistics
41:29 Imperial Age
40:17 Murder Holes
42:59 Chemistry
42:02 Padded Archer Armor
42:20 Bow Saw
41:52 Horse Collar
43:36 Leather Archer Armor
45:32 Ring Archer Armor
45:50 Forging
48:34 Scale Barding Armor
Hululu
13:10 Loom
13:20 Loom
15:08 Feudal Age
22:20 Castle Age
20:17 Stone Mining
20:17 Double-Bit Axe
23:51 Bow Saw
24:09 Gold Mining
27:10 Padded Archer Armor
32:42 Bloodlines
32:33 Husbandry
35:00 Horse Collar
47:24 Imperial Age
46:25 Fletching
47:13 Scale Barding Armor
47:19 Forging
48:30 Wheelbarrow
53:45 Chain Barding Armor
62:24 Plate Barding Armor
68:58 Cavalier
83:04 Bodkin Arrow
83:44 Iron Casting
Connection lost

Rejoining the realm…

Still unreachable

The connection could not be restored.

Session expired

The server has moved on; the page needs a fresh start.